 Dungeon Sprint DCSS version 0.19-a0-97-g21dea92 (webtiles) character file.

39288 Kidiri the Unseen (level 12, -20/69 HPs)
             Began as a Spriggan Enchanter on May 16, 2016.
             Was the Champion of Dithmenos.
             Demolished by Polyphemus (62 damage)
             ... in the Dungeon (Sprint III: "The Ten Rune Challenge").
             The game lasted 00:21:27 (2832 turns).

Kidiri the Unseen (Spriggan Enchanter)              Turns: 2832, Time: 00:21:28

Health: -20/69     AC:  4    Str:  4    XL:     12   Next: 97%
Magic:  20/31      EV: 33    Int: 18    God:    Dithmenos [******]
Gold:   38         SH:  0    Dex: 18    Spells: 8 memorised, 16 levels left

rFire  . . .     SeeInvis +     a - +1 dagger
rCold  + . .     Gourm    .     b - +1 robe
rNeg   . . .     Faith    .     (shield restricted)
rPois  +         Spirit   .     (helmet restricted)
rElec  .         Dismiss  .     (no cloak)
rCorr  .         Reflect  .     (gloves unavailable)
SustAt .         Harm     .     (boots unavailable)
MR     ++...     NoTele   +     (no amulet)
Stlth  ++++++++++               (no ring)
                                (no ring)

@: wreathed by umbra, very quick, very resistant to hostile enchantments,
uncannily stealthy
A: unfitting armour, molten scales 1, see invisible, clumsy 1, cold resistance
1, herbivore 3, speed 3, poison resistance, robust 1, slow metabolism 2
a: Shadow Step, Shadow Form, Renounce Religion
}: 1/10 runes: serpentine


You were in the Dungeon.
You worshipped Dithmenos.
Dithmenos was exalted by your worship.
You were full.

You visited 1 branch You collected 38 gold pieces.

Inventory:

Hand Weapons
 a - a +1 dagger (weapon)
Missiles
 k - 10 throwing nets (quivered)
Armour
 b - a +1 robe (worn)
Wands
 c - a wand of paralysis (13/24)
Scrolls
 j - a scroll of blinking
 o - 2 scrolls of remove curse {unknown}
 r - a scroll of holy word
Potions
 e - a potion of curing
 f - 2 potions of heal wounds
 g - 3 potions of haste
 h - 2 potions of magic
 i - 2 potions of berserk rage
 l - 2 potions of might
 q - 3 potions of cure mutation
Comestibles
 d - 6 fruits
 p - 32 royal jellies


   Skills:
 + Level 7.4 Fighting
 * Level 13.6 Short Blades
 + Level 6.9 Armour
 * Level 17.2 Dodging
 * Level 18.8 Stealth
 * Level 14.8 Spellcasting
 + Level 6.8 Conjurations
 + Level 11.3 Hexes
 + Level 11.6 Translocations
 + Level 9.9 Transmutations
 + Level 7.4 Ice Magic
 + Level 7.7 Poison Magic
 - Level 3.0 Invocations


You had 16 spell levels left.
You knew the following spells:

 Your Spells              Type           Power        Failure   Level  Hunger
a - Corona                Hex            ######.      1%          1    None
b - Ensorcelled Hibernat  Hex/Ice        #####.       1%          2    None
c - Confuse               Hex            ######..     1%          3    None
d - Tukima's Dance        Hex            ######..     1%          3    None
e - Dazzling Spray        Conj/Hex       #####.       1%          3    None
f - Apportation           Tloc           ######....   1%          1    None
g - Invisibility          Hex            ######..     10%         6    #####..
h - Alistair's Intoxicat  Trmt/Pois      #####...     3%          5    ####...


Dungeon Overview and Level Annotations

Branches:
Dungeon (1/1)

Altars:
Cheibriados
Dithmenos
Elyvilon
Fedhas
Gozag
Kikubaaqudgha
Makhleb
Nemelex Xobeh
Okawaru
Pakellas
Qazlal
Ru
Sif Muna
Trog
Vehumet
Xom
Yredelemnul
Zin
The Shining One
Jiyva
Lugonu

Shops:
D %(=(?

Annotations:
D Ilsuiw, Polyphemus


Innate Abilities, Weirdness & Mutations

You are tiny and cannot use many weapons and most armour.
You have supernaturally acute eyesight.
You are a herbivore.
You cover ground extremely quickly.
You need consume almost no food.
You are partially covered in molten scales (AC +1).
You are clumsy. (Dex -2)
Your flesh is cold resistant.
Your system is resistant to poisons.
You are robust (+10% HP).


Message History

Press: ? - help, Shift-Dir - straight line, f/p - Polyphemus
Aim: Polyphemus (lightly wounded, berserk, fast, unusually strong, umbra)
Okay, then.
Unknown command.
Casting: Dazzling Spray
Confirm with . or Enter, or press ? or * to list all spells.
Aiming: Confuse
Press: ? - help, Shift-Dir - straight line, f/p - Polyphemus
Aim: Polyphemus (lightly wounded, berserk, fast, unusually strong, umbra, chance to defeat MR: 38%) Polyphemus resists with some effort.
Polyphemus misses you. Polyphemus completely misses you.
The sheep completely misses you. The sheep closely misses you.
Unknown command.
Polyphemus hits you!! Polyphemus completely misses you.
You see here a sheep corpse.
You hit the sheep.
The sheep is lightly wounded.
Polyphemus hits you!!!
Ouch! That really hurt!
You die...

#≈P..........♣ ♣..#.##...#≈≈..§
+≈≈...########♣♣ ♣♣.##.##.)#≈..+#
#≈≈≈.....(...PP♣ ♣♣.##.#####...#.
#≈≈≈≈P.%PP....P♣ ♣.....##......#♣
###########'#############+#######
***** ▓≈≈≈≈≈≈≈≈≈≈≈≈▓#........
*,,,*** ▓≈≈≈≈≈≈≈≈≈≈≈≈▓#........
,,,,,,** ▓≈≈≈.Y≈≈≈≈≈..▓#########
,,,,,,,** ▓≈≈..C@≈≈≈..S▓##.......
,***,,,,* ▓≈≈≈.Y≈≈≈≈≈..▓#....%%%.
**,**,,,* ▓≈≈≈≈≈≈≈≈≈≈..▓#..######
*,,,*,,** ▓≈≈m≈≈≈≈≈≈≈≈.▓#........
**,**,,,* ▓..≈≈≈≈≈≈≈≈≈≈▓##..%....
,***,,,,* ▓...≈≈≈≈≈≈≈≈≈▓ ########
,,,,,,,** ▓....≈≈≈≈≈≈≈.▓##.))....
,,,,,,** ▓...≈≈≈≈≈≈≈.∩▓#∩.))....
*,_,*** ▓.≈≈≈≈≈≈≈≈≈.∩*#∩.######


You could see Polyphemus (berserk), Ilsuiw (invisible), a sea snake (sleeping)
and 2 sheep.

Vanquished Creatures
  Rupert (D)
  A greater naga (D)
  Maud (D)
  A naga warrior (D)
  2 hydras (D)
  7 anacondas (D)
  Erolcha (D)
  4 death yaks (D)
  A spriggan druid (D)
  A death drake (D)
  A lindwurm (D)
  A deep elf mage (D)
  6 black mambas (D)
  A guardian serpent (D)
  2 spiny frogs (D)
  A rime drake (D)
  A komodo dragon (D)
  3 wandering mushrooms (D)
  A queen bee (D)
  2 giant leeches (D)
  8 blink frogs (D)
  5 redbacks (D)
  2 spriggans (D)
  A shadow (D)
  A spatial vortex (D)
  2 hill giants (D)
  2 nagas (D)
  2 water moccasins (D)
  A swamp drake (D)
  A necrophage (D)
  3 two-headed ogres (D)
  A water elemental (D)
  32 killer bees (D)
  A jelly (D)
  A necromancer (D)
  A wizard (D)
  A sheep (D)
  3 humans (D)
  A kobold demonologist (D)
  A wolf (D)
  2 adders (D)
  2 oozes (D)
  2 rats (D)
115 creatures vanquished.

Vanquished Creatures (others)
  2 draconian scorchers (D)
  Nessos (D)
  2 yaktaurs (D)
  An electric eel (D)
6 creatures vanquished.

Grand Total: 121 creatures vanquished

Notes
Turn   | Place    | Note
--------------------------------------------------------------
     0 | D        | Kidiri the Spriggan Enchanter began the quest for the Orb.
     0 | D        | Reached XP level 1. HP: 9/9 MP: 5/5
     9 | D        | Reached skill level 5 in Stealth
    11 | D        | Reached XP level 2. HP: 14/14 MP: 5/7
    15 | D        | Learned a level 2 spell: Ensorcelled Hibernation
    87 | D        | Reached skill level 1 in Fighting
    87 | D        | Reached skill level 6 in Stealth
   166 | D        | Killed a white draconian scorcher
   225 | D        | Reached skill level 1 in Armour
   225 | D        | Reached skill level 1 in Ice Magic
   225 | D        | Reached XP level 3. HP: 13/18 MP: 3/9
   230 | D        | Learned a level 3 spell: Confuse
   232 | D        | Killed a white draconian scorcher
   234 | D        | Learned a level 3 spell: Dazzling Spray
   277 | D        | Killed a yaktaur
   317 | D        | Noticed a water elemental
   320 | D        | Killed a water elemental
   320 | D        | Reached skill level 5 in Dodging
   320 | D        | Reached skill level 7 in Stealth
   320 | D        | Reached skill level 5 in Spellcasting
   320 | D        | Reached XP level 4. HP: 23/23 MP: 10/12
   325 | D        | Learned a level 3 spell: Tukima's Dance
   345 | D        | Gained mutation: You are robust (+10% HP). [potion of mutation]
   345 | D        | Gained mutation: You are clumsy. (Dex -2) [potion of mutation]
   345 | D        | Gained mutation: Your system is resistant to poisons. [potion of mutation]
   346 | D        | Gained mutation: You are partially covered in molten scales (AC +1). [potion of mutation]
   346 | D        | Gained mutation: Your flesh is cold resistant. [potion of mutation]
   376 | D        | Noticed a shadow
   378 | D        | Killed a shadow
   378 | D        | Reached skill level 5 in Short Blades
   378 | D        | Reached skill level 9 in Stealth
   378 | D        | Reached skill level 1 in Conjurations
   378 | D        | Reached skill level 5 in Hexes
   378 | D        | Reached XP level 5. HP: 29/29 MP: 13/15
   382 | D        | Reached XP level 6. HP: 35/35 MP: 13/16
   423 | D        | Found an oddly glowing altar of Pakellas.
   423 | D        | Found a stormy altar of Qazlal.
   424 | D        | Found a sacrificial altar of Ru.
   424 | D        | Found a burning altar of Makhleb.
   424 | D        | Found a viscous altar of Jiyva.
   424 | D        | Found a shimmering altar of Xom.
   424 | D        | Found a shadowy altar of Dithmenos.
   424 | D        | Found a sparkling altar of Nemelex Xobeh.
   424 | D        | Found a corrupted altar of Lugonu.
   424 | D        | Found an opulent altar of Gozag.
   424 | D        | Noticed a spatial vortex
   428 | D        | Became a worshipper of Dithmenos the Shadowed
   432 | D        | Killed a spatial vortex
   432 | D        | Reached skill level 10 in Stealth
   432 | D        | Reached skill level 1 in Invocations
   506 | D        | Found a radiant altar of Vehumet.
   507 | D        | Found a deep blue altar of Sif Muna.
   507 | D        | Found an ancient bone altar of Kikubaaqudgha.
   522 | D        | Learned a level 1 spell: Apportation
   529 | D        | Learned a level 6 spell: Invisibility
   614 | D        | Found a glowing silver altar of Zin.
   615 | D        | Found a glowing golden altar of the Shining One.
   615 | D        | Found a white marble altar of Elyvilon.
   615 | D        | Noticed a deep elf mage
   617 | D        | Killed a deep elf mage
   617 | D        | Reached * piety under Dithmenos
   617 | D        | Reached skill level 11 in Stealth
   617 | D        | Reached XP level 7. HP: 39/39 MP: 18/20
   629 | D        | Found an iron altar of Okawaru.
   630 | D        | Found a bloodstained altar of Trog.
   630 | D        | Noticed a human
   630 | D        | Noticed a human
   633 | D        | Killed a human
   633 | D        | Reached skill level 10 in Dodging
   633 | D        | Reached XP level 8. HP: 46/46 MP: 18/21
   646 | D        | Learned a level 5 spell: Alistair's Intoxication
   671 | D        | Found a snail-covered altar of Cheibriados.
   679 | D        | Found a basalt altar of Yredelemnul.
   679 | D        | Found a blossoming altar of Fedhas.
   687 | D        | Reached ** piety under Dithmenos
   687 | D        | Reached skill level 1 in Transmutations
   750 | D        | Reached skill level 12 in Stealth
   762 | D        | Reached *** piety under Dithmenos
   762 | D        | Reached skill level 1 in Poison Magic
   768 | D        | Noticed Erolcha
   770 | D        | Killed Erolcha
   770 | D        | Reached skill level 5 in Translocations
   770 | D        | Reached XP level 9. HP: 50/50 MP: 23/23
   773 | D        | Reached skill level 10 in Spellcasting
   791 | D        | Reached skill level 13 in Stealth
   886 | D        | Noticed a queen bee
   897 | D        | Reached **** piety under Dithmenos
   909 | D        | Reached ***** piety under Dithmenos
   963 | D        | Killed Nessos
  1233 | D        | Reached ****** piety under Dithmenos
  1237 | D        | Killed a queen bee
  1456 | D        | Reached XP level 10. HP: 56/56 MP: 25/25
  1494 | D        | Reached skill level 5 in Transmutations
  1500 | D        | Reached skill level 14 in Stealth
  1533 | D        | Reached skill level 5 in Fighting
  1734 | D        | Reached skill level 10 in Short Blades
  1734 | D        | Reached skill level 5 in Ice Magic
  1970 | D        | Noticed a spiny frog
  1970 | D        | Noticed a spiny frog
  1975 | D        | Killed a spiny frog
  1977 | D        | Killed a spiny frog
  2017 | D        | Reached skill level 5 in Armour
  2021 | D        | Reached skill level 15 in Stealth
  2087 | D        | Noticed a lindwurm
  2090 | D        | Killed a lindwurm
  2099 | D        | Noticed Maud
  2101 | D        | Killed Maud
  2101 | D        | Reached skill level 5 in Conjurations
  2101 | D        | Reached skill level 5 in Poison Magic
  2101 | D        | Reached XP level 11. HP: 61/61 MP: 26/28
  2105 | D        | Noticed an eight-headed hydra
  2105 | D        | Noticed a six-headed hydra
  2107 | D        | Killed an eight-headed hydra
  2108 | D        | Killed a six-headed hydra
  2108 | D        | Reached skill level 16 in Stealth
  2115 | D        | Noticed a death drake
  2118 | D        | Killed a death drake
  2125 | D        | Found a blossoming altar of Fedhas.
  2125 | D        | Noticed a spriggan druid
  2127 | D        | Killed a spriggan druid
  2163 | D        | Noticed an anaconda
  2164 | D        | Noticed an anaconda
  2169 | D        | Killed an anaconda
  2169 | D        | Reached skill level 15 in Dodging
  2173 | D        | Killed an anaconda
  2173 | D        | Reached skill level 10 in Hexes
  2224 | D        | Noticed an anaconda
  2409 | D        | Noticed an anaconda
  2409 | D        | Noticed an anaconda
  2409 | D        | Noticed an anaconda
  2410 | D        | Killed an anaconda
  2410 | D        | Reached skill level 17 in Stealth
  2411 | D        | Noticed an anaconda
  2412 | D        | Killed an anaconda
  2412 | D        | Reached skill level 10 in Translocations
  2422 | D        | Killed an anaconda
  2422 | D        | Reached XP level 12. HP: 41/68 MP: 17/30
  2429 | D        | Killed an anaconda
  2561 | D        | Killed an anaconda
  2580 | D        | Noticed a naga warrior
  2580 | D        | Noticed a greater naga
  2580 | D        | Found Teneostre's Jewellery Shop.
  2580 | D        | Found Peekunuy's Antique Weapon Shoppe.
  2580 | D        | Found Varchasup's Magic Scroll Boutique.
  2584 | D        | Killed a naga warrior
  2585 | D        | Killed a greater naga
  2604 | D        | Got a serpentine rune of Zot
  2698 | D        | Reached skill level 18 in Stealth
  2756 | D        | Noticed Rupert
  2761 | D        | Killed Rupert
  2781 | D        | Noticed a death yak
  2782 | D        | Noticed a death yak
  2783 | D        | Noticed an azure jelly
  2783 | D        | Noticed a death yak
  2783 | D        | Noticed an azure jelly
  2783 | D        | Noticed a death yak
  2784 | D        | Killed a death yak
  2785 | D        | Killed a death yak
  2788 | D        | Killed a death yak
  2790 | D        | Killed a death yak
  2826 | D        | Noticed Polyphemus
  2828 | D        | Noticed Ilsuiw
  2828 | D        | Found Keproaty's Food Shoppe.
  2828 | D        | Found Orickeof's Antique Weapon Boutique.
  2832 | D        | Demolished by Polyphemus

Vault maps used:
D:        dungeon_sprint_mu

Skill      XL: |  1  2  3  4  5  6  7  8  9 10 11 12 |
---------------+-------------------------------------+-----
Stealth        | 5 6 7 9 11 12 13 15 17 18 | 18.8
Spellcasting   | 3 4 5 6 8 9 10 12 13 14 | 14.8
Short Blades   | 2 3 4 5 7 8 9 11 12 13 | 13.6
Fighting       | 1 2 3 4 5 6 7 |  7.4
Dodging        | 4 5 7 9 10 11 12 14 15 17 | 17.2
Hexes          | 4 5 6 7 8 9 10 11 | 11.3
Armour         | 1 2 3 4 5 6 |  6.9
Ice Magic      | 1 2 3 4 5 6 7 |  7.4
Conjurations   | 1 2 3 4 5 6 |  6.8
Invocations    | 2 3 |  3.0
Translocations | 2 3 5 6 8 10 11 | 11.6
Transmutations | 3 4 6 8 9 |  9.9
Poison Magic   | 2 3 5 6 7 |  7.7

Action                   |  1- 3 |  4- 6 |  7- 9 | 10-12 || total
-------------------------+-------+-------+-------+-------++-------
Melee: Dagger            |    17 |     6 |    62 |    72 ||   157
 Cast: Ensorcelled Hiber |     6 |       |    29 |    22 ||    57
       Corona            |     2 |       |       |       ||     2
       Dazzling Spray    |       |     7 |     6 |    19 ||    32
       Confuse           |       |       |     2 |     1 ||     3
       Alistair's Intoxi |       |       |     2 |       ||     2
       Invisibility      |       |       |       |     1 ||     1
Invok: Shadow Step       |       |       |       |    15 ||    15
       Shadow Form       |       |       |       |     1 ||     1
  Use: Scroll            |       |     4 |       |       ||     4
       Potion            |       |     2 |       |       ||     2
 Stab: Sleeping          |     6 |     4 |    28 |    54 ||    92
       Invisible         |       |     1 |     3 |     5 ||     9
       Confused          |       |       |     1 |       ||     1
       Distracted        |       |       |       |     1 ||     1
  Eat: Bread ration      |       |       |       |     1 ||     1
Armor: Robe              |     2 |       |     3 |       ||     5
Dodge: Dodged            |    10 |    10 |   122 |    51 ||   193
